General information
- name: BNet
- type: Ladder team game (AT/RT)
- host: Battle.net
- saver: TheWizardsTrick
map: FullScaleAssault
- players: 8
- length: 70:12
- speed: Fast
- version: 1.26 W3XP
- replay type: Public
» download(344 KB)
Players
team 1 (winner)

»
Cheesed (
blue | 20 APM | 1429 actions | 70:11)
5 Archmage
3 Summon Water Elemental
2 Brilliance Aura
5 Paladin
2 Holy Light
2 Divine Shield
1 Devotion Aura
» actions
| Basic commands | 187 | |
| Build / train | 93 | |
| Enter build submenu | 20 | |
| Enter hero's abilities submenu | 10 | |
| Give item / drop item | 2 | |
| Remove unit from queue | 2 | |
| Right click | 522 | |
| Select / deselect | 517 | |
| Use ability | 76 | |
1429 total
» units
| Peasant | 22 | |
| Footman | 7 | |
| Mortar Team | 5 | |
| Siege Engine | 16 | |
| Flying Machine | 10 | |
60 total
» upgrades
| Defend | 1 | |
| Gunpowder | 3 | |
| Flare | 1 | |
| Fragmentation Shards | 1 | |
| Barrage | 1 | |
| Plating | 3 | |
| Flying Machine Bombs | 1 | |
| Flak Cannons | 1 | |
| Lumber Harvesting | 1 | |
13 total
» buildings
| Altar of Kings | 1 | |
| Farm | 12 | |
| Barracks | 1 | |
| Lumber Mill | 1 | |
| Arcane Vault | 1 | |
| Keep | 1 | |
| Blacksmith | 1 | |
| Workshop | 3 | |
| Castle | 1 | |
| Town Hall | 2 | |
24 total
» build order
00:09 Altar of Kings
00:12 Farm
01:17 Barracks
01:38 Farm
01:57 Lumber Mill
02:11 Farm
02:44 Arcane Vault
03:49 Keep
03:53 Farm
04:51 Farm
05:25 Blacksmith
06:44 Workshop
06:48 Workshop
07:13 Castle
07:19 Farm
08:45 Farm
09:03 Farm
09:03 Farm
09:27 Town Hall
11:01 Farm
15:48 Town Hall
21:21 Farm
21:22 Farm
22:09 Workshop
» items
| Scroll of Regeneration | 1 | |
| Scroll of Town Portal | 3 | |
4 total
TheWizardsTrick (
red | 43 APM | 3043 actions | 70:12)
10 Archmage
3 Summon Water Elemental
3 Brilliance Aura
1 Mass Teleport
3 Blizzard
» actions
| Assign group hotkey | 112 | |
| Basic commands | 321 | |
| Build / train | 92 | |
| Enter build submenu | 53 | |
| Enter hero's abilities submenu | 10 | |
| Give item / drop item | 6 | |
| Remove unit from queue | 1 | |
| Right click | 1200 | |
| Select / deselect | 496 | |
| Select group hotkey | 486 | |
| Use ability | 266 | |
3043 total
» units
| Peasant | 12 | |
| Footman | 4 | |
| Goblin Shredder | 2 | |
| Goblin Zeppelin | 4 | |
| Dragonhawk Rider | 4 | |
| Goblin Sapper | 4 | |
| Blue Dragon | 3 | |
33 total
» upgrades
| Masonry | 3 | |
| Cloud | 1 | |
| Animal War Training | 1 | |
| Swords | 3 | |
| Armor | 3 | |
| Storm Hammers | 1 | |
12 total
» buildings
| Altar of Kings | 1 | |
| Barracks | 1 | |
| Farm | 4 | |
| Scout Tower | 42 | |
| Keep | 1 | |
| Lumber Mill | 1 | |
| Arcane Vault | 2 | |
| Arcane Tower | 1 | |
| Town Hall | 6 | |
| Castle | 1 | |
| Guard Tower | 11 | |
| Gryphon Aviary | 4 | |
| Blacksmith | 2 | |
77 total
» build order
00:36 Altar of Kings
00:37 Barracks
00:49 Farm
00:50 Farm
01:04 Farm
01:37 Farm
02:35 Scout Tower
03:32 Keep
04:31 Lumber Mill
05:36 Arcane Vault
05:39 Arcane Tower
05:46 Town Hall
05:48 Scout Tower
05:49 Scout Tower
05:49 Scout Tower
05:57 Scout Tower
05:57 Scout Tower
05:57 Scout Tower
05:58 Scout Tower
06:08 Arcane Vault
06:14 Castle
06:18 Guard Tower
06:27 Guard Tower
06:42 Guard Tower
08:00 Guard Tower
09:12 Guard Tower
10:37 Town Hall
10:41 Scout Tower
10:42 Scout Tower
10:42 Scout Tower
10:42 Scout Tower
10:45 Scout Tower
10:46 Scout Tower
10:56 Scout Tower
10:56 Scout Tower
10:57 Scout Tower
10:59 Scout Tower
11:00 Scout Tower
11:00 Scout Tower
11:00 Scout Tower
11:54 Guard Tower
12:54 Guard Tower
13:25 Gryphon Aviary
13:25 Gryphon Aviary
13:28 Gryphon Aviary
13:31 Gryphon Aviary
14:42 Guard Tower
14:47 Blacksmith
14:50 Blacksmith
15:21 Scout Tower
15:23 Scout Tower
15:30 Scout Tower
15:31 Scout Tower
15:31 Scout Tower
15:32 Scout Tower
15:33 Scout Tower
15:33 Scout Tower
16:36 Guard Tower
17:34 Guard Tower
19:53 Guard Tower
26:02 Scout Tower
26:02 Scout Tower
26:03 Scout Tower
26:03 Scout Tower
26:03 Scout Tower
26:04 Scout Tower
26:11 Scout Tower
26:12 Scout Tower
26:13 Scout Tower
26:14 Scout Tower
26:15 Scout Tower
28:12 Guard Tower
32:25 Town Hall
32:33 Town Hall
32:52 Town Hall
38:10 Town Hall
» items
| Scroll of Regeneration | 6 | |
| Scroll of Town Portal | 6 | |
| Periapt of Vitality | 1 | |
| Potion of Lesser Invulnerability | 1 | |
| Mechanical Critter | 4 | |
| Staff of Teleportation | 1 | |
| Potion of Healing | 2 | |
21 total
KT.BATSKCAB.KT (
teal | 70 APM | 4575 actions | 64:57)
8 Archmage
2 Summon Water Elemental
3 Brilliance Aura
2 Blizzard
1 Mass Teleport
6 Blood Mage
3 Flame Strike
2 Banish
1 Summon Phoenix
» actions
| Assign group hotkey | 81 | |
| Basic commands | 312 | |
| Build / train | 249 | |
| ESC pressed | 1 | |
| Enter build submenu | 97 | |
| Enter hero's abilities submenu | 14 | |
| Give item / drop item | 23 | |
| Right click | 1772 | |
| Select / deselect | 638 | |
| Select group hotkey | 1041 | |
| Use ability | 347 | |
4575 total
» units
| Peasant | 32 | |
| Footman | 4 | |
| Goblin Shredder | 4 | |
| Goblin Zeppelin | 2 | |
| Gryphon Rider | 4 | |
| Dragonhawk Rider | 1 | |
| Goblin Sapper | 6 | |
53 total
» upgrades
| Masonry | 3 | |
| Swords | 3 | |
| Lumber Harvesting | 2 | |
| Armor | 3 | |
| Animal War Training | 1 | |
| Cloud | 1 | |
| Storm Hammers | 1 | |
14 total
» buildings
| Altar of Kings | 1 | |
| Barracks | 1 | |
| Farm | 13 | |
| Lumber Mill | 7 | |
| Arcane Vault | 1 | |
| Town Hall | 5 | |
| Keep | 5 | |
| Scout Tower | 57 | |
| Guard Tower | 106 | |
| Blacksmith | 1 | |
| Castle | 1 | |
| Gryphon Aviary | 4 | |
| Arcane Tower | 8 | |
210 total
» build order
00:34 Altar of Kings
00:36 Barracks
00:49 Farm
01:04 Farm
01:36 Farm
01:45 Lumber Mill
02:11 Farm
02:23 Arcane Vault
02:59 Farm
03:48 Town Hall
06:17 Keep
06:18 Keep
06:23 Scout Tower
06:23 Scout Tower
06:24 Scout Tower
06:25 Scout Tower
06:30 Scout Tower
07:02 Guard Tower
07:02 Guard Tower
07:02 Guard Tower
07:26 Blacksmith
07:57 Scout Tower
07:59 Scout Tower
08:00 Scout Tower
08:02 Scout Tower
08:27 Guard Tower
08:27 Guard Tower
08:28 Guard Tower
08:29 Guard Tower
08:29 Guard Tower
08:30 Guard Tower
09:23 Castle
11:03 Guard Tower
11:03 Guard Tower
11:04 Guard Tower
11:04 Guard Tower
11:04 Guard Tower
11:05 Guard Tower
11:05 Guard Tower
12:40 Scout Tower
12:45 Town Hall
12:47 Scout Tower
12:48 Scout Tower
12:50 Scout Tower
12:56 Scout Tower
12:57 Scout Tower
12:58 Scout Tower
13:13 Guard Tower
13:14 Guard Tower
13:14 Guard Tower
13:15 Guard Tower
13:15 Guard Tower
13:20 Guard Tower
13:20 Guard Tower
13:20 Guard Tower
14:32 Scout Tower
14:33 Scout Tower
14:34 Scout Tower
14:35 Scout Tower
14:39 Guard Tower
14:39 Guard Tower
14:39 Guard Tower
15:06 Guard Tower
15:06 Guard Tower
15:08 Guard Tower
15:08 Guard Tower
15:09 Guard Tower
15:09 Guard Tower
15:09 Guard Tower
15:09 Guard Tower
15:10 Guard Tower
15:10 Guard Tower
15:17 Scout Tower
15:19 Scout Tower
15:19 Scout Tower
15:21 Scout Tower
15:24 Scout Tower
15:28 Gryphon Aviary
15:29 Gryphon Aviary
16:32 Guard Tower
16:32 Guard Tower
16:44 Gryphon Aviary
17:21 Scout Tower
17:22 Scout Tower
17:22 Scout Tower
17:24 Scout Tower
17:35 Scout Tower
17:36 Scout Tower
17:38 Scout Tower
19:09 Guard Tower
19:10 Guard Tower
19:10 Keep
19:12 Guard Tower
19:12 Guard Tower
19:13 Guard Tower
19:14 Keep
19:20 Scout Tower
21:09 Guard Tower
21:09 Guard Tower
21:10 Guard Tower
21:55 Farm
21:56 Farm
22:01 Gryphon Aviary
22:14 Scout Tower
22:15 Scout Tower
22:16 Scout Tower
23:11 Guard Tower
23:11 Guard Tower
26:56 Scout Tower
26:57 Scout Tower
27:00 Farm
27:01 Farm
27:07 Farm
27:07 Farm
27:10 Farm
27:11 Farm
28:35 Guard Tower
28:35 Guard Tower
28:35 Guard Tower
32:25 Town Hall
32:32 Town Hall
32:38 Scout Tower
32:39 Scout Tower
32:40 Scout Tower
32:42 Scout Tower
33:44 Guard Tower
33:44 Guard Tower
33:44 Guard Tower
33:49 Guard Tower
33:49 Guard Tower
34:06 Guard Tower
34:06 Guard Tower
34:32 Scout Tower
34:42 Scout Tower
35:16 Arcane Tower
35:16 Arcane Tower
36:36 Scout Tower
36:38 Scout Tower
36:39 Scout Tower
36:40 Scout Tower
37:38 Guard Tower
37:38 Guard Tower
37:38 Guard Tower
38:46 Town Hall
44:25 Scout Tower
44:26 Scout Tower
44:33 Scout Tower
44:35 Scout Tower
44:57 Arcane Tower
44:58 Arcane Tower
45:21 Guard Tower
45:21 Guard Tower
45:21 Guard Tower
58:30 Scout Tower
58:31 Scout Tower
58:32 Scout Tower
58:33 Scout Tower
58:39 Scout Tower
58:58 Guard Tower
58:59 Guard Tower
58:59 Guard Tower
59:00 Guard Tower
59:00 Guard Tower
59:01 Guard Tower
59:01 Guard Tower
59:02 Guard Tower
59:06 Guard Tower
59:06 Guard Tower
59:12 Lumber Mill
59:15 Lumber Mill
59:17 Lumber Mill
59:22 Lumber Mill
59:30 Lumber Mill
59:31 Lumber Mill
» items
| Scroll of Regeneration | 4 | |
| Mechanical Critter | 4 | |
| Periapt of Vitality | 2 | |
| Boots of Speed | 1 | |
| Staff of Teleportation | 1 | |
| Tome of Retraining | 1 | |
| Scroll of Town Portal | 5 | |
| Ivory Tower | 6 | |
| Potion of Invisibility | 2 | |
| Potion of Lesser Invulnerability | 1 | |
| Staff of Sanctuary | 1 | |
| Lesser Clarity Potion | 1 | |
29 total
LEON.O (
pink | 28 APM | 1959 actions | 70:11)
6 Death Knight
3 Death Coil
2 Unholy Aura
1 Animate Dead
4 Dreadlord
2 Sleep
2 Vampiric Aura
2 Crypt Lord
1 Impale
1 Spiked Carapace
» actions
| Assign group hotkey | 45 | |
| Basic commands | 25 | |
| Build / train | 77 | |
| ESC pressed | 2 | |
| Enter build submenu | 31 | |
| Enter hero's abilities submenu | 12 | |
| Give item / drop item | 1 | |
| Right click | 691 | |
| Select / deselect | 301 | |
| Select group hotkey | 703 | |
| Use ability | 71 | |
1959 total
» units
| Acolyte | 9 | |
| Ghoul | 9 | |
| Gargoyle | 4 | |
| Crypt Fiend | 5 | |
| Obsidian Statue | 1 | |
| Abomination | 2 | |
| Blue Drake | 2 | |
| Blue Dragon Whelp | 2 | |
34 total
» upgrades
| Creature Attack | 3 | |
| Creature Carapace | 3 | |
| Unholy Armor | 3 | |
| Unholy Strength | 2 | |
| Web | 1 | |
| Burrow | 2 | |
| Disease Cloud | 1 | |
| Destroyer Form | 1 | |
16 total
» buildings
| Crypt | 4 | |
| Ziggurat | 13 | |
| Altar of Darkness | 1 | |
| Halls of the Dead | 1 | |
| Tomb of Relics | 1 | |
| Graveyard | 1 | |
| Black Citadel | 1 | |
| Slaughterhouse | 2 | |
| Sacrificial Pit | 1 | |
| Spirit Tower | 2 | |
27 total
» build order
00:15 Crypt
00:20 Ziggurat
01:00 Altar of Darkness
02:14 Crypt
02:22 Halls of the Dead
02:35 Tomb of Relics
02:42 Graveyard
05:02 Ziggurat
05:23 Crypt
06:49 Crypt
07:34 Ziggurat
10:12 Ziggurat
10:13 Ziggurat
10:34 Ziggurat
13:21 Black Citadel
13:26 Slaughterhouse
13:31 Slaughterhouse
16:16 Ziggurat
16:17 Ziggurat
16:19 Ziggurat
16:25 Ziggurat
16:28 Ziggurat
16:30 Ziggurat
20:41 Sacrificial Pit
21:04 Spirit Tower
27:03 Spirit Tower
27:08 Ziggurat
» items
| Potion of Healing | 4 | |
| Scroll of Town Portal | 2 | |
| Scroll of Regeneration | 1 | |
| Potion of Mana | 1 | |
8 total
team 2 (loser)

»
deathknight88 (
purple | 51 APM | 2589 actions | 50:59)
5 Death Knight
3 Death Coil
1 Death Pact
1 Unholy Aura
3 Lich
2 Frost Nova
1 Dark Ritual
» actions
| Assign group hotkey | 11 | |
| Build / train | 96 | |
| Enter build submenu | 25 | |
| Enter hero's abilities submenu | 8 | |
| Give item / drop item | 2 | |
| Right click | 1480 | |
| Select / deselect | 862 | |
| Select group hotkey | 14 | |
| Use ability | 91 | |
2589 total
» units
| Acolyte | 30 | |
| Ghoul | 13 | |
| Frost Wyrm | 7 | |
| Blue Dragon | 1 | |
51 total
» upgrades
| Creature Attack | 3 | |
| Creature Carapace | 3 | |
| Freezing Breath | 1 | |
| Web | 1 | |
8 total
» buildings
| Crypt | 2 | |
| Graveyard | 1 | |
| Ziggurat | 9 | |
| Altar of Darkness | 1 | |
| Tomb of Relics | 1 | |
| Halls of the Dead | 6 | |
| Necropolis | 4 | |
| Black Citadel | 4 | |
| Sacrificial Pit | 1 | |
| Boneyard | 2 | |
31 total
» build order
00:10 Crypt
00:13 Graveyard
00:46 Ziggurat
01:14 Altar of Darkness
01:48 Ziggurat
01:59 Tomb of Relics
03:06 Halls of the Dead
03:06 Halls of the Dead
03:07 Halls of the Dead
03:07 Halls of the Dead
04:03 Necropolis
05:36 Black Citadel
05:37 Black Citadel
05:37 Black Citadel
06:23 Sacrificial Pit
06:39 Ziggurat
07:00 Ziggurat
07:59 Boneyard
08:00 Boneyard
08:04 Ziggurat
09:43 Ziggurat
11:43 Ziggurat
14:25 Crypt
27:11 Necropolis
29:43 Ziggurat
30:21 Ziggurat
32:10 Necropolis
32:14 Necropolis
» items
| Rod of Necromancy | 1 | |
| Potion of Lesser Invulnerability | 1 | |
| Periapt of Vitality | 2 | |
| Scroll of Town Portal | 5 | |
9 total

»
KeffJoons (
orange | 18 APM | 1109 actions | 60:31)
5 Blademaster
1 Wind Walk
1 Mirror Image
3 Critical Strike
3 Tauren Chieftain
2 Endurance Aura
1 War Stomp
1 Shadow Hunter
1 Healing Wave
» actions
| Assign group hotkey | 12 | |
| Basic commands | 2 | |
| Build / train | 119 | |
| ESC pressed | 2 | |
| Enter build submenu | 38 | |
| Enter hero's abilities submenu | 9 | |
| Give item / drop item | 4 | |
| Remove unit from queue | 12 | |
| Right click | 300 | |
| Select / deselect | 430 | |
| Select group hotkey | 59 | |
| Use ability | 120 | |
1109 total
» units
| Peon | 30 | |
| Raider | 6 | |
| Troll Batrider | 12 | |
| Wind Rider | 1 | |
| Acolyte | 11 | |
60 total
» upgrades
| Ranged Weapons | 3 | |
| Melee Weapons | 2 | |
| Armor | 3 | |
| Ensnare | 1 | |
| Liquid Fire | 1 | |
| Envenomed Spears | 1 | |
11 total
» buildings
| Altar of Storms | 2 | |
| Orc Burrow | 7 | |
| Voodoo Lounge | 3 | |
| War Mill | 1 | |
| Stronghold | 2 | |
| Beastiary | 3 | |
| Great Hall | 7 | |
| Watch Tower | 4 | |
| Fortress | 1 | |
| Necropolis | 5 | |
35 total
» build order
00:04 Altar of Storms
00:07 Orc Burrow
01:04 Orc Burrow
01:29 Voodoo Lounge
01:59 War Mill
02:17 Orc Burrow
03:28 Stronghold
03:43 Orc Burrow
04:42 Orc Burrow
05:51 Beastiary
05:58 Beastiary
06:03 Beastiary
09:34 Great Hall
09:37 Watch Tower
09:42 Watch Tower
10:44 Watch Tower
10:47 Watch Tower
13:51 Fortress
17:09 Orc Burrow
17:12 Orc Burrow
32:51 Great Hall
33:03 Great Hall
33:09 Great Hall
33:21 Great Hall
35:44 Voodoo Lounge
36:45 Great Hall
37:47 Stronghold
39:04 Voodoo Lounge
41:31 Great Hall
46:13 Altar of Storms
55:11 Necropolis
57:49 Necropolis
58:35 Necropolis
58:43 Necropolis
58:52 Necropolis
» items
| Healing Salve | 3 | |
| Periapt of Vitality | 1 | |
| Potion of Healing | 6 | |
| Scroll of Town Portal | 6 | |
| Scroll of Speed | 1 | |
| Orb of Fire | 1 | |
| Staff of Sanctuary | 1 | |
| Boots of Speed | 1 | |
| Staff of Teleportation | 1 | |
21 total
PRO.DOOP (
green | 26 APM | 1855 actions | 70:11)
5 Blood Mage
2 Banish
3 Flame Strike
» actions
| Assign group hotkey | 62 | |
| Basic commands | 58 | |
| Build / train | 120 | |
| Enter build submenu | 32 | |
| Enter hero's abilities submenu | 5 | |
| Give item / drop item | 1 | |
| Remove unit from queue | 4 | |
| Right click | 572 | |
| Select / deselect | 335 | |
| Select group hotkey | 477 | |
| Use ability | 188 | |
1855 total
» units
| Peasant | 15 | |
| Goblin Shredder | 1 | |
| Goblin Zeppelin | 2 | |
| Gryphon Rider | 5 | |
| Mortar Team | 12 | |
| Dragonhawk Rider | 2 | |
37 total
» upgrades
| Masonry | 3 | |
| Animal War Training | 1 | |
| Swords | 2 | |
| Armor | 2 | |
| Barrage | 0 | |
| Flare | 1 | |
| Fragmentation Shards | 1 | |
| Gunpowder | 1 | |
| Cloud | 1 | |
| Storm Hammers | 1 | |
| Sorceress Training | 1 | |
14 total
» buildings
| Altar of Kings | 1 | |
| Farm | 15 | |
| Keep | 2 | |
| Lumber Mill | 1 | |
| Arcane Vault | 1 | |
| Scout Tower | 55 | |
| Arcane Tower | 2 | |
| Blacksmith | 1 | |
| Guard Tower | 30 | |
| Castle | 2 | |
| Gryphon Aviary | 6 | |
| Barracks | 1 | |
| Town Hall | 3 | |
| Workshop | 1 | |
| Cannon Tower | 3 | |
| Arcane Sanctum | 1 | |
125 total
» build order
00:07 Altar of Kings
00:22 Farm
01:53 Farm
02:08 Keep
02:11 Lumber Mill
02:15 Arcane Vault
02:20 Scout Tower
02:48 Arcane Tower
02:49 Arcane Tower
02:54 Blacksmith
03:35 Scout Tower
03:36 Scout Tower
03:37 Scout Tower
03:38 Scout Tower
04:04 Guard Tower
04:44 Guard Tower
04:49 Farm
05:27 Castle
06:21 Gryphon Aviary
06:25 Gryphon Aviary
06:50 Gryphon Aviary
07:35 Farm
07:37 Farm
07:38 Farm
10:12 Barracks
10:58 Town Hall
11:03 Scout Tower
11:04 Scout Tower
11:04 Scout Tower
11:05 Scout Tower
11:05 Scout Tower
11:50 Guard Tower
12:14 Guard Tower
12:55 Town Hall
13:07 Guard Tower
13:07 Guard Tower
13:32 Gryphon Aviary
15:41 Town Hall
16:01 Workshop
16:42 Scout Tower
16:42 Scout Tower
16:42 Scout Tower
16:43 Scout Tower
16:44 Scout Tower
16:44 Scout Tower
16:45 Scout Tower
16:45 Scout Tower
16:46 Scout Tower
16:48 Scout Tower
16:49 Scout Tower
16:49 Scout Tower
16:51 Scout Tower
16:52 Scout Tower
16:52 Scout Tower
16:53 Scout Tower
16:54 Scout Tower
17:34 Guard Tower
17:47 Guard Tower
17:50 Cannon Tower
18:17 Guard Tower
18:18 Guard Tower
18:20 Guard Tower
18:21 Guard Tower
18:22 Guard Tower
18:28 Scout Tower
18:29 Scout Tower
18:30 Scout Tower
18:31 Scout Tower
18:31 Scout Tower
18:31 Scout Tower
18:32 Scout Tower
18:33 Scout Tower
18:33 Scout Tower
18:33 Scout Tower
18:34 Scout Tower
18:34 Scout Tower
18:35 Scout Tower
18:37 Scout Tower
19:03 Guard Tower
19:03 Guard Tower
19:07 Keep
19:31 Guard Tower
19:31 Guard Tower
19:34 Guard Tower
19:34 Guard Tower
20:00 Arcane Sanctum
20:15 Cannon Tower
20:47 Guard Tower
21:56 Scout Tower
21:56 Scout Tower
21:57 Scout Tower
21:57 Scout Tower
21:58 Scout Tower
21:58 Scout Tower
21:59 Scout Tower
21:59 Scout Tower
22:00 Scout Tower
22:01 Scout Tower
22:03 Scout Tower
22:04 Scout Tower
22:05 Scout Tower
22:05 Scout Tower
22:52 Guard Tower
22:52 Guard Tower
23:21 Guard Tower
23:35 Castle
24:12 Guard Tower
24:13 Guard Tower
24:19 Gryphon Aviary
24:19 Gryphon Aviary
24:21 Farm
24:22 Farm
28:54 Farm
28:54 Farm
28:55 Farm
28:55 Farm
28:56 Farm
28:56 Farm
28:57 Farm
» items
| Staff of Teleportation | 1 | |
| Scroll of Regeneration | 3 | |
| Scroll of Town Portal | 2 | |
| Ivory Tower | 6 | |
| Potion of Mana | 1 | |
| Potion of Invisibility | 4 | |
| Boots of Speed | 1 | |
| Scroll of Healing | 1 | |
| Potion of Lesser Invulnerability | 1 | |
20 total
bok (
yellow | 31 APM | 845 actions | 27:38)
4 Crypt Lord
1 Impale
2 Carrion Beetles
1 Spiked Carapace
3 Death Knight
1 Death Coil
2 Unholy Aura
2 Dreadlord
1 Sleep
1 Vampiric Aura
» actions
| Build / train | 79 | |
| Enter build submenu | 19 | |
| Enter hero's abilities submenu | 9 | |
| Give item / drop item | 1 | |
| Remove unit from queue | 3 | |
| Right click | 398 | |
| Select / deselect | 280 | |
| Use ability | 56 | |
845 total
» units
| Acolyte | 13 | |
| Ghoul | 5 | |
| Gargoyle | 19 | |
| Frost Wyrm | 9 | |
| Necromancer | 1 | |
47 total
» upgrades
| Creature Attack | 3 | |
| Creature Carapace | 3 | |
| Freezing Breath | 1 | |
| Unholy Strength | 1 | |
| Necromancer Training | 1 | |
9 total
» buildings
| Crypt | 1 | |
| Ziggurat | 9 | |
| Altar of Darkness | 1 | |
| Graveyard | 1 | |
| Halls of the Dead | 1 | |
| Black Citadel | 1 | |
| Sacrificial Pit | 1 | |
| Boneyard | 1 | |
| Temple of the Damned | 1 | |
| Nerubian Tower | 2 | |
| Spirit Tower | 3 | |
22 total
» build order
00:21 Crypt
00:24 Ziggurat
00:51 Altar of Darkness
01:10 Graveyard
01:23 Ziggurat
02:44 Halls of the Dead
03:05 Ziggurat
04:09 Ziggurat
04:25 Ziggurat
05:15 Black Citadel
05:23 Sacrificial Pit
05:34 Ziggurat
06:41 Ziggurat
08:35 Boneyard
10:25 Ziggurat
10:49 Ziggurat
17:47 Temple of the Damned
24:08 Nerubian Tower
24:11 Spirit Tower
24:36 Spirit Tower
24:37 Nerubian Tower
24:49 Spirit Tower
» items
Chat log
(00:24 / Allies) Cheesed: hey
(00:24 / Allies) KT.BATSKCAB.KT: Blue, pink, are you worthy knights?
(00:41 / Allies) Cheesed: true
(00:46 / All) TheWizardsTrick: I don't like dbz but sometimes I look up power levels
(01:00 / All) TheWizardsTrick: majin bu was the strongest
(01:25 / All) KT.BATSKCAB.KT: I watched it as a kid, I thought it was cool then
(01:25 / All) PRO.DOOP: but spirit bomb from goku was a lot stronger which makes goku strongest ever
(01:30 / All) KT.BATSKCAB.KT: but I don't see why I'd want to watch it as an adult
(01:49 / All) TheWizardsTrick: gohan was like superman for a while
(02:50 / Allies) LEON.O: worthy what?
(03:10 / Allies) KT.BATSKCAB.KT: Aye, you are no worthy knight if you cannot even understand what I write
(03:30 / Allies) TheWizardsTrick: don't creep with me pinkj
(03:41 / Allies) Cheesed: lol
(04:17 / Allies) TheWizardsTrick: fucking faggot
(04:27 / Allies) Cheesed: hes mad haha
(04:41 / Allies) TheWizardsTrick: yeah I creepd it
(04:45 / Allies) TheWizardsTrick: he couldn't have with whath e brought
(04:47 / Allies) Cheesed: awwwh
(05:09 / Allies) LEON.O: just play kid
(05:17 / Allies) Cheesed: hah
(05:27 / Allies) TheWizardsTrick: Lol that's so funny huh blue
(05:37 / Allies) Cheesed: ahhaa
(05:48 / Allies) Cheesed: u talking to poeple on this fuckng game is pathetic and funny
(06:15 / Allies) TheWizardsTrick: lumber
(06:49 / Allies) TheWizardsTrick: has 0 peons on it
(07:01 / Allies) LEON.O: ty
(07:04 / Allies) TheWizardsTrick: Yes you needed it retard
(07:21 / Allies) LEON.O: im talking with ur mo
(07:24 / Allies) LEON.O: can u wait?
(07:26 / Allies) TheWizardsTrick: there's no way you're working with an iq exceeding 100
(07:42 / Allies) KT.BATSKCAB.KT: blue and pink both can't creep on their own
(07:51 / Allies) KT.BATSKCAB.KT: need stronger noble men to leech off of, true peasants, they are
(07:55 / Allies) LEON.O: yeyeyeye
(08:06 / Allies) LEON.O: u pro
(09:24 / Allies) LEON.O: do u want creep this with me?
(09:35 / Allies) LEON.O: red
(09:47 / Allies) Cheesed: niceeee
(09:49 / Allies) TheWizardsTrick: yes with my 3 foots
(09:58 / Allies) Cheesed: out
(10:09 / Allies) Cheesed: oh fuck raped
(10:49 / Allies) Cheesed: going morts n tanks
(11:34 / Allies) Cheesed: fuck
(11:36 / Allies) Cheesed: lost expo
(11:57 / Allies) KT.BATSKCAB.KT: well he lagged out
(11:59 / Allies) TheWizardsTrick: will be raging soon
(11:59 / Allies) KT.BATSKCAB.KT: nvm
(12:04 / Allies) Cheesed: no more gargs man wtf
(12:06 / Allies) Cheesed: save ur hero
(12:08 / Allies) Cheesed: what the fycj??
(12:09 / Allies) TheWizardsTrick: fags like him always do that
(12:17 / Allies) TheWizardsTrick: doesn't even see the story
(12:20 / Allies) TheWizardsTrick: talks big
(12:40 / Allies) Cheesed: mass frosties coming
(13:39 / Allies) Cheesed: im ready to hit
(13:44 / Allies) Cheesed: we should go together
(14:06 / Allies) Cheesed: damnnn
(14:18 / Allies) Cheesed: nice red haha
(14:36 / Allies) LEON.O: np
(14:37 / Allies) LEON.O: =)
(14:46 / Allies) Cheesed: go here please
(14:53 / Allies) Cheesed: no gargs
(15:13 / All) Cheesed: i tped haha
(15:15 / All) Cheesed: i rape all
(15:29 / All) Cheesed: where did he come from gg?
(15:42 / Allies) Cheesed: please attack enemy base i have died
(16:24 / Allies) Cheesed: attack our enemy please
(16:29 / Allies) TheWizardsTrick: let's hit bottom
(16:30 / Allies) KT.BATSKCAB.KT: just killed purp's expo
(16:42 / Allies) Cheesed: im ready to attrack
(17:09 / Allies) Cheesed: im sending tanks in fuck tthis
(17:37 / Allies) TheWizardsTrick: hit expos
(17:38 / Allies) Cheesed: im killng fucking purple fuck it
(18:07 / Allies) LEON.O: unde
(18:12 / All) Cheesed: gg i pwn
(18:42 / All) KT.BATSKCAB.KT: invis potion sucks ass for saving a hero
(19:10 / Allies) Cheesed: how did we lose that
(19:14 / Allies) Cheesed: they all massed fucking air lmao
(20:09 / Allies) Cheesed: green has taken over
(20:15 / Allies) Cheesed: use clojud on tower
(20:31 / All) PRO.DOOP: ur a nigger, blue
(20:39 / All) Cheesed: how do u know what im saying?
(20:51 / All) PRO.DOOP: wut
(21:47 / All) Cheesed: rape doe
(22:30 / All) Cheesed: wow oj sucks
(22:50 / All) LEON.O: me to
(22:52 / All) LEON.O: hahahaha
(23:01 / All) Cheesed: pwnt
(23:34 / All) Cheesed: its over doe
(23:43 / All) Cheesed: wow oj is dumb
(24:13 / All) Cheesed: rape doe
(24:42 / All) Cheesed: lol good heart
(24:54 / All) PRO.DOOP: nooby
(25:33 / All) Cheesed: ez
(26:06 / Allies) Cheesed: they got my base
(26:12 / All) KT.BATSKCAB.KT: the frog has AIDS
(26:18 / All) Cheesed: gonna walk thru dey bases
(26:18 / All) KT.BATSKCAB.KT: didn't realise plague cloud effected critters
(26:40 / All) Cheesed: goodluck btw
(27:22 / All) Cheesed: oh no green
(27:23 / All) Cheesed: bye
(27:55 / Allies) Cheesed: lolteal cool story
(28:08 / Allies) Cheesed: small dick issues?
(28:15 / All) KT.BATSKCAB.KT: You said ez
(28:15 / Allies) LEON.O: gold
(28:18 / Allies) TheWizardsTrick: mad?
(28:19 / Allies) LEON.O: bitches
(28:26 / Allies) Cheesed: who gives a fuck small dick kid
(28:27 / All) KT.BATSKCAB.KT: My day job is with the copyright industry
(28:30 / Allies) TheWizardsTrick: you lose lol
(28:31 / All) KT.BATSKCAB.KT: That term is trademark CombatEX
(28:45 / All) KT.BATSKCAB.KT: I'm simply defending copyright by team killing you in WC3
(29:04 / Allies) Cheesed: thanks guys
(29:13 / All) KT.BATSKCAB.KT: Can't let him kill your castle
(29:14 / All) KT.BATSKCAB.KT: I need to do it
(29:21 / Allies) Cheesed: hgahaga
(29:22 / All) deathknight88: lol
(29:44 / All) PRO.DOOP: noobies
(29:46 / All) Cheesed: ima watch this hackey game while small cocks play
(29:47 / All) PRO.DOOP: pawn u blue
(29:51 / All) KT.BATSKCAB.KT: If you give me all your gold and lumber I will accept it as damages for using a term that is not your intellectual property
(29:53 / Allies) TheWizardsTrick: are you mad?
(29:57 / Allies) TheWizardsTrick: why are you mad?
(30:11 / All) KT.BATSKCAB.KT: Do you understand blue?
(30:20 / All) Cheesed: didnt read lol u small cock
(30:20 / All) KT.BATSKCAB.KT: Pay me all your resources in damages and you may keep your units and buildings
(30:25 / All) KT.BATSKCAB.KT: No repossession will be necessary
(30:31 / All) Cheesed: u seriously have a small cockt hats paethic
(30:47 / All) KT.BATSKCAB.KT: I have a mighty big 7 incher that's ravaging your asshole right now
(30:47 / Allies) Cheesed: why the fuck would i give a fuck u small pathetic kid
(30:49 / Allies) Cheesed: brb
(30:49 / Allies) LEON.O: wtf?
(30:54 / Allies) TheWizardsTrick: you seem upset
(30:58 / Allies) TheWizardsTrick: it's just a game kid
(31:30 / All) Cheesed: sorry purple its all gone
(31:48 / All) Cheesed: wow poor jets
(32:12 / Allies) TheWizardsTrick: mine
(33:20 / All) KT.BATSKCAB.KT: Your crypt lord is being harvested for wood
(33:29 / Allies) LEON.O: ahahaaha
(33:30 / All) KT.BATSKCAB.KT: watch out bitch
(33:52 / Allies) Cheesed: dude u have to know u have a small cock
(33:55 / Allies) Cheesed: wut kids of kids do this
(34:03 / Allies) Cheesed: brb
(34:19 / Allies) TheWizardsTrick: damn blue
(34:20 / Allies) TheWizardsTrick: why so salty
(34:32 / Allies) TheWizardsTrick: are you upset that you suck and are completely inept?
(34:34 / All) deathknight88: lol green
(35:52 / All) deathknight88: i think red and teal wanna own all map and green
(36:06 / All) PRO.DOOP: monoopoly on our hands
(36:31 / All) KT.BATSKCAB.KT: it's a free market, I just got to the goods before any of you
(36:58 / All) KeffJoons: hey!
(37:06 / Allies) TheWizardsTrick: don't swaet it kid
(37:08 / Allies) TheWizardsTrick: you ain't winning anyway
(37:15 / All) KT.BATSKCAB.KT: My arcane towers only attack that if they are given sight by someone like pink
(37:23 / All) KT.BATSKCAB.KT: pink is the source of your woes, orange
(37:25 / All) KT.BATSKCAB.KT: not I
(38:14 / All) PRO.DOOP: gotta give control to me purple i wont touch ur dk
(38:34 / All) PRO.DOOP: so u can put in the zep
(39:09 / All) KT.BATSKCAB.KT: wtf blue?
(39:26 / All) KT.BATSKCAB.KT: I rightfully killed your base because you did not pay damages
(39:28 / Allies) TheWizardsTrick: run bitch
(39:28 / Allies) TheWizardsTrick: lol
(39:30 / All) KT.BATSKCAB.KT: but that was simply assault
(39:33 / Allies) TheWizardsTrick: this is my rightful gold mine
(40:49 / Allies) TheWizardsTrick: lol
(41:03 / Allies) TheWizardsTrick: how mad you are?
(41:10 / Allies) KT.BATSKCAB.KT: how mod u are bro?
(41:26 / Allies) KT.BATSKCAB.KT: he so mad he punching the wall you know, BANG
(41:50 / All) KeffJoons: this is madness
(42:05 / Allies) KT.BATSKCAB.KT: mod?
(42:08 / All) LEON.O: im just a kid
(42:13 / All) deathknight88: i think red and teal are friend
(42:19 / Allies) LEON.O: why u are
(42:19 / All) TheWizardsTrick: THAS RITE
(42:28 / All) TheWizardsTrick: you should learn to treat elders with respect, kid
(42:41 / All) TheWizardsTrick: and not leech exp and steal gold mines
(42:47 / All) KT.BATSKCAB.KT: the clue was there from the start
(42:51 / All) TheWizardsTrick: any other person would have started tking right then and there
(42:53 / All) KT.BATSKCAB.KT: TK.BACKSTAB.TK
(42:57 / All) KT.BATSKCAB.KT: does that make you mod?
(43:20 / All) LEON.O: im a kid
(43:26 / All) LEON.O: T_T
(43:40 / All) KT.BATSKCAB.KT: I don't get mass tp sometimes
(43:46 / Allies) LEON.O: hey guys
(43:47 / All) KT.BATSKCAB.KT: didn't teleport any peasants there even though they were moving
(44:56 / All) LEON.O: Vayanse ala verga dice Pepe El Toro
(45:09 / All) LEON.O: Y La mama de tu puta madre
(45:51 / All) KT.BATSKCAB.KT: trapped in a maze of towers lol
(45:56 / All) TheWizardsTrick: lel
(46:02 / All) LEON.O: red
(46:11 / All) TheWizardsTrick: yes, child?
(46:11 / All) LEON.O: Chinga tu puta madre
(46:13 / All) TheWizardsTrick: speak your mind
(46:16 / All) TheWizardsTrick: Now now
(46:18 / All) KT.BATSKCAB.KT: lawl
(46:24 / All) TheWizardsTrick: No bedtime snack for you young man
(46:27 / All) KT.BATSKCAB.KT: chinga tu puta madre is all I know in spanish
(46:34 / All) TheWizardsTrick: Straight to bed and turn off your nightlight!
(47:00 / All) LEON.O: i have a question
(47:12 / All) TheWizardsTrick: yes, you are different than the other kids
(47:15 / All) TheWizardsTrick: they don't eat paste
(47:16 / All) LEON.O: are u a chubby girl?
(47:28 / All) KeffJoons: ahhhhhhhhhhhh
(47:33 / All) TheWizardsTrick: I'm a ruggedly handsome man's man, sorry to disappoint you chubby kid
(48:08 / All) LEON.O: Tu puta madre
(48:14 / All) KeffJoons: nooooooooooo
(48:27 / All) KT.BATSKCAB.KT: PEDICABO EGO VOS ET IRRUMABO!
(48:37 / All) KT.BATSKCAB.KT: AYE! TU CINAEDE!
(49:09 / All) KT.BATSKCAB.KT: Pink how many peasants does it take to fill a mine?
(49:12 / All) KT.BATSKCAB.KT: does this look about right to you?
(49:13 / All) TheWizardsTrick: the gold is mine and mine alone!
(49:15 / All) PRO.DOOP: wuts gringo mean i got called that a lot in school
(49:22 / All) LEON.O: Chinga vous Puta Madre
(49:29 / All) KT.BATSKCAB.KT: gringo is like cracker, it's an insult for being white
(49:31 / All) TheWizardsTrick: get the gringo
(49:38 / All) TheWizardsTrick: that's a mel gibson movie ain't it
(49:55 / All) KT.BATSKCAB.KT: Pink can only think of fucking mothers
(49:59 / All) KT.BATSKCAB.KT: he's really up the freud rabbit hole
(50:09 / All) TheWizardsTrick: 3 dragons > 1
(50:18 / All) LEON.O: i like chubby girls
(50:59 / Allies) LEON.O: Terminez le trou du cul de jeu
(51:00 / All) KT.BATSKCAB.KT: pro flame strike
(51:26 / All) KT.BATSKCAB.KT: owned
(52:25 / All) TheWizardsTrick: blue and pink both at 0/0 food
(52:26 / All) TheWizardsTrick: LOL
(52:32 / All) KT.BATSKCAB.KT: still here though
(52:33 / All) TheWizardsTrick: not talking so much shit now
(52:44 / All) LEON.O: Wat de fuck klootzakken doen?
(52:52 / All) PRO.DOOP: is pink really alittle kid
(53:04 / All) TheWizardsTrick: Like Icarus they flew too close to the unconquerable sun, and crumbled to the Earth in indignity
(53:16 / All) TheWizardsTrick: You shall not insult a god
(53:32 / All) LEON.O: .........
(53:43 / All) TheWizardsTrick: Mine for all eternity
(54:01 / All) TheWizardsTrick: You sought to usurp my rightful property, and perished as a result
(54:23 / All) PRO.DOOP: i did not know the trees behind goblin lab were still connected to it
(54:23 / All) LEON.O: Perro
(55:16 / All) LEON.O: Son mayates lo jotos
(55:47 / All) LEON.O: pinche gente pendeja
(55:54 / All) LEON.O: por un win
(56:02 / All) KT.BATSKCAB.KT: insults don't mean anything ifn o one understands them u know
(56:19 / All) LEON.O: por eso pendejo
(56:27 / All) TheWizardsTrick: He knows better than insult me directly
(56:35 / All) TheWizardsTrick: It has dire consequences, as he is full aware
(57:29 / All) LEON.O: y esa rana puta que?
(58:17 / All) KT.BATSKCAB.KT: I have 5 food somewhere
(58:26 / All) KT.BATSKCAB.KT: oops lawl
(59:12 / All) LEON.O: im watching porn
(59:19 / All) KT.BATSKCAB.KT: what kind
(59:21 / All) TheWizardsTrick: but you do that every day
(59:40 / All) LEON.O: anal sex
(59:47 / All) TheWizardsTrick: shitskin confirmed
(59:55 / All) LEON.O: cleopara
(60:16 / All) LEON.O: Cleopatra vs black cock
(60:33 / All) LEON.O: like u mama
(60:35 / All) TheWizardsTrick: Blue went from elation to desperation to despair in short order
(60:39 / All) TheWizardsTrick: Uh oh
(60:44 / All) TheWizardsTrick: Looks like you folks have to lose
(60:56 / All) KT.BATSKCAB.KT: I have nothing to kill my shit lawl
(61:37 / All) KT.BATSKCAB.KT: guess you have to do the dirty work
(61:40 / All) TheWizardsTrick: yeap
(61:45 / All) LEON.O: i like little childs
(61:51 / All) LEON.O: 8-9
(61:55 / All) TheWizardsTrick: I take great pleasure in killing pink's last structures
(62:02 / All) LEON.O: extreme teen
(62:20 / All) LEON.O: i will fuck ur children red
(62:29 / All) LEON.O: let me fuck ur daugther
(62:44 / All) TheWizardsTrick: If I had one you might mumble at her
(62:46 / All) LEON.O: ur boys too
(62:48 / All) TheWizardsTrick: and look down
(62:54 / All) TheWizardsTrick: touch your face
(63:15 / All) KT.BATSKCAB.KT: he's from south or central america, he's probably a midget who would have to look up at them
(63:31 / All) LEON.O: jajaja
(63:55 / Allies) LEON.O: so.
(64:02 / Allies) LEON.O: why u did this?
(64:11 / All) TheWizardsTrick: why did you done this? see you in hell
(64:13 / Allies) KT.BATSKCAB.KT: You wouldn't understand, you don't have a triple digit IQ
(64:17 / All) TheWizardsTrick: Yes
(64:24 / All) TheWizardsTrick: You took my expansion so I took your win
(64:27 / All) TheWizardsTrick: Choke on that you spic
(64:30 / All) LEON.O: oh
(64:40 / All) LEON.O: so
(64:48 / All) LEON.O: is it my fault?
(64:49 / All) TheWizardsTrick: I am not to be trifled with
(64:51 / All) TheWizardsTrick: Yes
(64:52 / All) LEON.O: isnt?
(64:56 / All) KT.BATSKCAB.KT: Adios, mi amigos, upload your sides. I shall go eat and be back in 20 mins
(65:00 / All) TheWizardsTrick: You gave insult to the lord of battlenet
(65:09 / All) LEON.O: oh
(65:32 / Allies) LEON.O: im old, what is ur aka ?
(65:46 / All) TheWizardsTrick: Surely you know the lord of battlenet?
(66:10 / Allies) LEON.O: i know a lot of akas, old friends
(66:16 / Allies) LEON.O: maybe i know u
(66:38 / All) TheWizardsTrick: D
(67:15 / Allies) LEON.O: so
(67:22 / Allies) LEON.O: u dont have a old aka?
(67:25 / Allies) LEON.O: god?
(67:33 / All) TheWizardsTrick: Emperor of Battlenet
(67:47 / Allies) LEON.O: true aka
(68:03 / All) TheWizardsTrick: AngryPeons, Emperor of Battlenet
(68:13 / All) TheWizardsTrick: King of Azeroth
(68:17 / All) LEON.O: 32?
(68:21 / Allies) LEON.O: 31?
(68:46 / Allies) LEON.O: 1982?
(69:03 / Allies) LEON.O: how old are u?
(69:06 / All) TheWizardsTrick: 1885? Back to the Future?
(69:45 / All) TheWizardsTrick: You have earned this loss with your transgression against a god
(69:53 / All) TheWizardsTrick: Learn your place and know your role
(70:02 / All) TheWizardsTrick: The gods do not take kindly to mortal interlopers